 Dungeon Crawl Stone Soup version 0.31.0-9-g3a7656b989 (webtiles) character file.

Game seed: 13879781897402926471

2070 Arcadio the Trooper (level 9, -6/72 HPs)
             Began as a Human Monk on Jan 24, 2024.
             Was a Believer of Wu Jian.
             Mangled by Maggie
             ... wielding a +2 war axe of pain
              (9 damage)
             ... on level 6 of the Dungeon.
             The game lasted 00:07:26 (4897 turns).

Arcadio the Trooper (Human Monk)                    Turns: 4897, Time: 00:07:27

Health: -6/72      AC:  6    Str: 19    XL:     9   Next: 26%
Magic:  9/9        EV: 20    Int: 17    God:    Wu Jian [**....]
Gold:   166        SH:  0    Dex: 24    Spells: 8/8 levels left

rFire   . . .        o - +10 spear of the Growing Owl {heavy, Str+5 Int+7 Stlth-}
rCold   . . .        d - orb {light}
rNeg    . . .        k - +0 scale mail
rPois   .            (helmet currently unavailable)
rElec   .            (cloak currently unavailable)
rCorr   .            (gloves currently unavailable)
SInv    .            (boots currently unavailable)
Will    .....        (no amulet) Stlth
                     p - +5 ring of evasion
HPRegen 0.32/turn    q - +6 ring of dexterity
MPRegen 0.11/turn

%: no passive effects
@: lethally poisoned (-6 -> -13), beast-form, glowing
A: beast (slay +0), explore regen
a: Begin Untransformation, Renounce Religion, Wall Jump


You were on level 6 of the Dungeon.
You worshipped Wu Jian.
Wu Jian was pleased with you.
You were a hulking beast.
You visited 1 branch of the dungeon, and saw 7 of its levels.

You collected 166 gold pieces.

Inventory:

Hand Weapons
 a - a +0 falchion
 o - the +10 spear of the Growing Owl (weapon) {heavy, Str+5 Int+7 Stlth-}
   (You found it on level 2 of the Dungeon)

   Str+5:     It affects your strength (+5).
   Int+7:     It affects your intelligence (+7).
   Stlth-:    It makes you less stealthy.
 C - a +0 rapier
 D - a +0 morningstar
Armour
 b - a +0 robe
 d - an orb of light (worn)
 k - a +0 scale mail (worn)
 m - the +1 leather armour of the Purple Skies {*Corrode rN+ Str+3}
   (You found it on level 2 of the Dungeon)

   Str+3:     It affects your strength (+3).
   rN+:       It protects you from negative energy.
   *Corrode:  It may corrode you when you take damage.
 r - a +0 cloak
 u - a +0 cloak
 y - a +0 plate armour
Jewellery
 h - a +4 ring of protection
 l - a ring of flight
 p - a +5 ring of evasion (left hand)
 q - a +6 ring of dexterity (right hand)
 x - a ring of protection from fire
 A - a +5 ring of evasion
 G - a ring of positive energy
Talismans
 i - a beast talisman (active)
Scrolls
 f - 3 scrolls of teleportation
 g - a scroll of revelation
 v - a scroll of brand weapon
 z - 2 scrolls of enchant armour
 E - a scroll of poison {unknown}
Potions
 c - a potion of ambrosia
 e - a potion of brilliance
 j - a potion of berserk rage
 n - 2 potions of curing
 s - a potion of haste
 w - 2 potions of lignification {unknown}
 B - 2 potions of enlightenment {unknown}
 F - a potion of mutation {unknown}


   Skills:
 + Level 7.6 Fighting
 + Level 7.4 Long Blades
 + Level 7.4 Dodging


You had 8 spell levels left.
You didn't know any spells.
Your spell library contained the following spells:

 Spells                   Type           Power      Damage    Failure   Level
 Animate Dead             Necr           0%         N/A       100%        4
 Borgnjor's Vile Clutch   Necr/Erth      0%         N/A       100%        5
 Death Channel            Necr           0%         N/A       100%        6


Dungeon Overview and Level Annotations

Branches:
Dungeon (7/15)             Temple (0/1) D:7

Altars:
Dithmenos
Trog
Wu Jian

Annotations:
D:6 Maggie


Innate Abilities, Weirdness & Mutations

You are a hulking beast.
Your limbs bulge with bestial killing power. (Slay +0)
You regain HP and MP as you explore.


Message History

You spin and attack the killer bee.
You closely miss the killer bee.
The killer bee is heavily wounded.
You feel yourself speed up. The killer bee barely misses you.
The killer bee stings you.
You are poisoned.
The killer bee poisons you!
Maggie zaps a wand.
The puff of flame hits you. The killer bee misses you.
The killer bee closely misses you.
Maggie zaps a wand.
The puff of flame hits you.
You spin and attack the killer bee.
You puncture the killer bee!
You kill the killer bee!
The Council accepts your kill.
You feel sick.
You feel sick.
The killer bee attacks as it pursues you!
The killer bee stings you.
* * * LOW HITPOINT WARNING * * *
The killer bee closely misses you.
You see here a book of Spatial Translocations.
You feel sick.
The killer bee attacks as it pursues you!
The killer bee misses you.
There is a stone staircase leading up here.
You feel sick. The killer bee closely misses you. x2
The killer bee misses you. The killer bee stings you.
* * * LOW HITPOINT WARNING * * *
The killer bee closely misses you. Maggie barely misses you.
You climb upwards.
You feel sick.
There is a stone staircase leading down here.
You spin to attack the killer bee, but your attack speed is too slow for a blow to land.
You spin to attack Maggie, but your attack speed is too slow for a blow to land.
You feel sick.
You are no longer poisoned.
The killer bee stings you.
* * * LOW HITPOINT WARNING * * *
You are lethally poisoned!
The killer bee poisons you! The killer bee barely misses you.
The killer bee stings you.
* * * LOW HITPOINT WARNING * * *
Maggie hits you with a +2 war axe of pain!
You die...

## .# ### .# ##.## #### .#
##.#.################### #...
.###.###.........#........####.##
....## ##....#.yy@...............
.###.###..##...#h########.##)....
......#........#.# #.##.#.##
.###.#....####.#.# ###.##.#)## .#
#.#....# #.#.# #......#.##
.###.#...## #.#.######......#.##
.....#...# #.#...............#.
######...# #.##...###.......##.
#......# #.##.#............._
#.###..# #......####...#####)


You could see Maggie and 2 killer bees.

Vanquished Creatures
  2 ice beasts
  A black bear (D:4)
  A sky beast (D:6)
  2 ogres
  A centaur (D:5)
  A phantom (D:4)
  Blork the orc (D:6)
  A bullfrog (D:6)
  5 scorpions
  6 wights
  A killer bee (D:7)
  3 hounds
  A gnoll bouda (D:5)
  2 jellies
  An orc priest (D:4)
  Crazy Yiuf (D:3)
  A sleepcap (D:6)
  An iguana (D:7)
  3 orc wizards
  11 gnolls
  4 adders
  A white imp (D:7)
  2 ufetubi (D:6)
  5 dart slugs
  2 ribbon worms
  12 orcs
  7 ball pythons
  2 bats
  2 endoplasms (D:1)
  5 giant cockroaches
  4 hobgoblins
  A jackal (D:2)
  6 kobolds
  3 frilled lizards (D:1)
  5 goblins
  5 rats
112 creatures vanquished.

Notes
Turn   | Place    | Note
-------+----------+-------------------------------------------
     0 | D:1      | Arcadio the Human Monk began the quest for the Orb.
     0 | D:1      | Reached XP level 1. HP: 18/18 MP: 1/1
   235 | D:1      | Reached XP level 2. HP: 24/24 MP: 2/2
   312 | D:1      | You fall into a shaft and drop 1 floor!
   955 | D:2      | Identified the +1 leather armour of the Purple Skies
                  | {*Corrode rN+ Str+3}
  1118 | D:2      | Reached XP level 3. HP: 28/29 MP: 3/3
  1172 | D:2      | Reached XP level 4. HP: 30/37 MP: 4/4
  1405 | D:2      | Identified the +10 spear of the Growing Owl {heavy, Str+5
                  | Int+7 Stlth-}
  1770 | D:3      | Reached XP level 5. HP: 20/42 MP: 5/5
  1986 | D:3      | Found a runed translucent door.
  1987 | D:3      | Noticed Crazy Yiuf
  2117 | D:3      | Killed Crazy Yiuf
  2191 | D:4      | Noticed a phantom
  2195 | D:4      | Killed a phantom
  2196 | D:4      | Reached XP level 6. HP: 47/49 MP: 6/6
  2393 | D:4      | Found an ornate altar of the Wu Jian Council.
  2454 | D:4      | Became a worshipper of the Wu Jian Council
  2454 | D:4      | Reached * piety under Wu Jian
  2454 | D:4      | Reached ** piety under Wu Jian
  2568 | D:4      | Noticed a black bear
  2572 | D:4      | Killed a black bear
  2573 | D:4      | Reached skill level 5 in Fighting
  2573 | D:4      | Reached skill level 5 in Long Blades
  2573 | D:4      | Reached skill level 5 in Dodging
  2573 | D:4      | Reached XP level 7. HP: 56/56 MP: 7/7
  2688 | D:5      | Entered Level 5 of the Dungeon
  3027 | D:5      | Reached XP level 8. HP: 64/64 MP: 8/8
  3445 | D:6      | Found a bloodstained altar of Trog.
  3450 | D:6      | Noticed Blork the orc
  3455 | D:6      | Killed Blork the orc
  4390 | D:6      | Reached XP level 9. HP: 66/72 MP: 9/9
  4843 | D:7      | Found a shadowy altar of Dithmenos.
  4880 | D:7      | Noticed a hornet
  4888 | D:7      | HP: 1/72 [centaur/arrow (13)]
  4889 | D:7      | Noticed Maggie
  4891 | D:7      | Found a staircase to the Ecumenical Temple.
  4897 | D:6      | HP: 3/72 [killer bee (1)]
  4897 | D:6      | Mangled by Maggie

Illustrated notes

Levels and vault maps discovered:
D:1:      minmay_arrival_checkered_box, layout_basic
D:2:      layout_loops_ring, minmay_tromino_v4_b
D:3:      layout_loops_ring, uniq_crazy_yiuf_cottage
D:4:      layout_basic, mainiacjoe_overflow_paths
D:5:      layout_basic
D:6:      layout_loops_ring, lemuel_crystal_altar, minivault_11,
          minmay_misc_feat_chi, nicolae_titane, uniq_blork_the_orc
D:7:      layout_basic, mainiacjoe_overflow_tiny_flanked,
          minmay_temple_entry_large_hall, uniq_joseph, uniq_pikel, uniq_maggie

Skill      XL: |  1  2  3  4  5  6  7  8 |
---------------+-------------------------+-----
Fighting       | 4 5 7 |  7.6
Long Blades    | 4 5 7 |  7.4
Dodging        | 4 5 7 |  7.4

Action                     |  1- 3 |  4- 6 |  7- 9 || total
---------------------------+-------+-------+-------++-------
  Melee: Falchion          |    68 |    16 |       ||    84
         Spear             |       |    64 |   129 ||   193
Ability: Lunge             |       |       |     4 ||     4
         Whirlwind         |       |       |     4 ||     4
    Use: Scroll            |     4 |     1 |     5 ||    10
         Potion            |       |       |     2 ||     2
 Armour: Robe              |    19 |     6 |       ||    25
         Scale mail        |    29 |    38 |    95 ||   162
  Dodge: Dodged            |    44 |    58 |   216 ||   318
   Form: Beast             |     1 |       |       ||     1
